 Dungeon Crawl Stone Soup version 0.28.0-53-g5a82cb258f (webtiles) character file.

Game seed: 5563696712279210443

146 ChickenMitten the Shield-Bearer (level 5, -6/42 HPs)
             Began as a Formicid Fighter on Aug 6, 2022.
             Mangled by a river rat (8 damage)
             ... in a sewer.
             The game lasted 00:04:42 (2016 turns).

ChickenMitten the Shield-Bearer (Formicid Fighter)  Turns: 2016, Time: 00:04:43

Health: -6/42      AC:  7    Str: 23    XL:     5   Next: 53%
Magic:  5/5        EV:  9    Int:  7    God:
Gold:   110        SH:  4    Dex: 10    Spells: 4/4 levels left

rFire   . . .      SeeInvis +   a - +0 war axe
rCold   . . .      Faith    .   c - +0 buckler
rNeg    . . .      Spirit   .   b - +0 scale mail
rPois   .          Reflect  .   (helmet unavailable)
rElec   .          Harm     .   (no cloak)
rCorr   .          Rampage  .   (no gloves)
Will    .....                   (no boots)
Stlth   ..........              (no amulet)
HPRegen 0.14/turn               (no ring)
MPRegen 0.09/turn               (no ring)

@: attractive
A: permanent stasis, dig shafts and tunnels, antennae 3, four strong arms
a: Dig


You were in a sewer.
You visited 1 branch of the dungeon, and saw 3 of its levels.
You also visited: Sewer.

You collected 110 gold pieces.

Inventory:

Hand Weapons
 a - a +0 war axe (weapon)
Armour
 b - a +0 scale mail (worn)
 c - a +0 buckler (worn)
 k - a +1 hat
Jewellery
 g - a ring of fire
Scrolls
 f - a scroll of fear {unknown}
 h - a scroll of acquirement {unknown}
 j - a scroll of holy word {unknown}
 l - 2 scrolls of noise
 m - a scroll of silence {unknown}
 n - a scroll of amnesia {unknown}
 o - a scroll of teleportation {unknown}
Potions
 d - 3 potions of might
 i - a potion of ambrosia {unknown}
 p - a potion of resistance {unknown}
 q - a potion of mutation


   Skills:
 * Level 4.2 Fighting
 * Level 3.7 Axes
 * Level 4.0 Armour
 * Level 4.3 Shields


You had 4 spell levels left.
You didn't know any spells.
Your spell library contained the following spells:

 Spells                   Type           Power      Damage    Failure   Level
 Magic Dart               Conj           0%         1d3       80%         1
 Searing Ray              Conj           0%         2d4       91%         2
 Fulminant Prism          Conj/Hex       0%         3d6       100%        4


Dungeon Overview and Level Annotations

Branches:
Dungeon (3/15)              Sewer (1/1)

Altars:

Shops:
D:2 =(


Innate Abilities, Weirdness & Mutations

You cannot be hasted, slowed, berserked, paralysed or teleported.
You can dig through walls and to a lower floor.
You have a pair of large antennae on your head. (SInv)
Your four strong arms can wield two-handed weapons with a shield.


Message History

You barely miss the river rat. You hit the river rat but do no damage.
The river rat barely misses you. The river rat bites you.
The river rat closely misses you. The river rat bites you.
You slash the river rat!
You kill the river rat!
You hit the river rat but do no damage. You barely miss the river rat.
The river rat bites you but does no damage.
The river rat barely misses you.
You hit the river rat but do no damage. x2; The river rat bites you!
The river rat bites you but does no damage.
You closely miss the river rat. You barely miss the river rat.
The river rat bites you. x2
The river rat bites you but does no damage.
The river rat bites you.
You slash the river rat!
The river rat is almost dead.
You closely miss the river rat.
The river rat bites you but does no damage.
You block the river rat's attack.
You barely miss the river rat.
The river rat is almost dead.
You barely miss the river rat. The river rat bites you.
* * * LOW HITPOINT WARNING * * *
The river rat bites you but does no damage.
You hit the river rat but do no damage.
The river rat is almost dead.
You closely miss the river rat.
The river rat bites you but does no damage.
The river rat bites you.
* * * LOW HITPOINT WARNING * * *
You block the river rat's attack. The river rat closely misses you.
You barely miss the river rat.
The river rat is almost dead.
You hit the river rat but do no damage. The river rat bites you.
* * * LOW HITPOINT WARNING * * *
The river rat barely misses you.
It was a potion of attraction.
You feel attractive to monsters. The river rat bites you!
You die...

#.#..#.##.≈≈#
#.†..'.##≈≈.#
#.'..'.##≈≈≈#
#.#..#.##≈≈≈#
# #..####≈≈≈#
#..# #≈≈≈#
###..# ##≈≈≈#
#.#.r#.##≈≈≈#
#.'.@†.##≈≈.#
{
#.'..r.##.≈≈#
#.#..#.##≈≈≈#
###..####.≈≈#
#..# #≈≈.#
#∩∩# #≈≈.#
#### #≈≈≈#
#.≈.# #≈≈.#


You could see 2 river rats.

Vanquished Creatures
  4 adders
  3 river rats (Sewer)
  2 worms (D:3)
  A dart slug (D:1)
  3 orcs (D:3)
  5 bats
  6 endoplasms
  7 giant cockroaches
  3 goblins
  7 hobgoblins
  8 jackals
  6 kobolds
  2 quokkas
  3 ball pythons
  4 frilled lizards
  2 rats (D:1)
66 creatures vanquished.

Notes
Turn   | Place    | Note
-------+----------+-------------------------------------------
     0 | D:1      | ChickenMitten the Formicid Fighter began the quest for the
                  | Orb.
     0 | D:1      | Reached XP level 1. HP: 18/18 MP: 1/1
    53 | D:1      | Reached XP level 2. HP: 13/24 MP: 2/2
   421 | D:1      | Reached XP level 3. HP: 29/29 MP: 3/3
   699 | D:2      | Found Puzuekke's Weapon Shoppe.
   941 | D:2      | Found Qaowiz's Jewellery Shoppe.
   971 | D:2      | Reached XP level 4. HP: 37/37 MP: 4/4
  1441 | D:3      | Found a glowing drain.
  1470 | Sewer    | Entered a sewer
  1775 | Sewer    | Reached XP level 5. HP: 42/42 MP: 5/5
  2015 | Sewer    | HP: 2/42 [river rat (4)]
  2016 | Sewer    | Mangled by a river rat

Illustrated notes

Levels and vault maps discovered:
D:1:      moated_graveyard_arrival, layout_rooms
D:2:      layout_rooms, serial_shops, nicolae_diamond_shop,
          nicolae_lakefront_shop, grunt_decor_cap
D:3:      layout_basic, ebering_ecumenical_altar_mist,
          cheibrodos_sewer_entry_bend, st_stairs_9, guppyfry_early_orc_mine
Sewer:    sewer_fruit_machine

Skill      XL: |  1  2  3  4  5 |
---------------+----------------+-----
Shields        | 4 |  4.3
Axes           | 3 |  3.7
Fighting       | 4 |  4.2
Armour         | 4 |  4.0

Action                   |  1- 3 |  4- 6 || total
-------------------------+-------+-------++-------
Melee: War axe           |    62 |   102 ||   164
  Use: Potion            |       |     1 ||     1
Armor: Scale mail        |    22 |    39 ||    61
Dodge: Dodged            |    29 |    57 ||    86
Block: Buckler           |    10 |    23 ||    33
